 Dungeon Crawl Stone Soup version 0.24.0-1-gfbc8707 (webtiles) character file.

Game seed: 2044291929982340607, levelgen mode: deterministic

1674 dforspid the Cleaver (level 9, -10/81 HPs)
             Began as a Hill Orc Monk on Oct 29, 2019.
             Was a Believer of Beogh.
             Splashed by a jelly's acid (12 damage)
             ... on level 8 of the Dungeon.
             The game lasted 00:21:06 (8311 turns).

dforspid the Cleaver (Hill Orc Monk)                Turns: 8311, Time: 00:21:07

Health: -10/81     AC: -11   Str: 17    XL:     9   Next: 1%
Magic:  13/13      EV: 11    Int: 10    God:    Beogh [**....]
Gold:   423        SH:  0    Dex: 13    Spells: 8/8 levels left

rFire    . . .     SeeInvis .   a - +1 hand axe
rCold    . . .     Gourm    .   (no shield)
rNeg     . . .     Faith    .   i - +0 ring mail
rPois    +         Spirit   .   (no helmet)
rElec    .         Reflect  .   g - scarf {cloud immunity}
rCorr    .         Harm     .   (no gloves)
MR       .....                  b - +1 pair of boots
Stlth    ++........             (no amulet)
HPRegen  0.23/turn              m - ring of poison resistance
MPRegen  0.13/turn              t - ring of stealth

@: corroded
A: no striking features
a: Smiting, Renounce Religion


You were on level 8 of the Dungeon.
You worshipped Beogh.
Beogh was pleased with you.
You were hungry.

You visited 1 branch of the dungeon, and saw 8 of its levels.

You collected 423 gold pieces.

Inventory:

Hand Weapons
 a - a +1 hand axe (weapon)
Armour
 b - a +1 pair of boots (worn)
 g - a scarf of cloud immunity (worn)
 i - a +0 ring mail (worn)
Jewellery
 k - an uncursed ring of ice
 l - an uncursed amulet of the acrobat
 m - a ring of poison resistance (left hand)
 t - a ring of stealth (right hand)
Wands
 q - a wand of disintegration (8)
Scrolls
 h - 5 scrolls of magic mapping
 j - 4 scrolls of remove curse
 o - 3 scrolls of identify
 p - a scroll of teleportation
 r - 3 scrolls of blinking {unknown}
 s - 3 scrolls of noise {unknown}
Potions
 d - a potion of might
 e - a potion of curing
 f - a potion of agility
Comestibles
 c - 19 rations


   Skills:
 + Level 7.8 Fighting
 + Level 8.7 Axes
 + Level 5.6 Armour
 - Level 2.4 Dodging
 - Level 1.5 Stealth
 + Level 6.5 Invocations


You had 8 spell levels left.
You didn't know any spells.
Your spell library contained the following spells:

 Spells                   Type           Power        Failure   Level  Hunger
 Flame Tongue             Conj/Fire      #....        54%         1    ##.....
 Throw Flame              Conj/Fire      #.....       69%         2    ###....
 Conjure Flame            Conj/Fire      #.......     89%         3    ####...
 Inner Flame              Hex/Fire       #.......     89%         3    ####...
 Sticky Flame             Conj/Fire      #.......     100%        4    #####..
 Fireball                 Conj/Fire      #.........   100%        5    ######.


Dungeon Overview and Level Annotations

Branches:
Dungeon (8/15)             Temple (0/1) D:4
   Lair: D:8-11

Altars:
Elyvilon
Kikubaaqudgha
Makhleb
Sif Muna
Vehumet
Wu Jian
Xom
Zin
Jiyva

Annotations:
D:6 exclusion: 3 wights


Message History

The jelly is lightly wounded.
The jelly hits you.
You are splashed with acid!
* * * LOW HITPOINT WARNING * * *
You barely miss the jelly.
The jelly is lightly wounded.
The jelly hits you.
* * * LOW HITPOINT WARNING * * *
You are splashed with acid!
* * * LOW HITPOINT WARNING * * *
You hit the jelly but do no damage.
Your hands burn!
* * * LOW HITPOINT WARNING * * *
The jelly is lightly wounded.
The jelly hits you.
* * * LOW HITPOINT WARNING * * *
You are splashed with acid.
* * * LOW HITPOINT WARNING * * *
The jelly hits you.
* * * LOW HITPOINT WARNING * * *
The acid corrodes you!
You are splashed with acid!
You die...

###....
.......
..:....
###.._J..!
....J....
#........
#.# #J#
#@# ###


You could see a jelly.

Vanquished Creatures
  Sigmund (D:5)
  2 ice beasts (D:6)
  A phantom (D:7)
  A necrophage (D:7)
  A centaur (D:7)
  2 ogres (D:7)
  2 bullfrogs
  2 scorpions (D:5)
  A crimson imp (D:4)
  A bullfrog zombie (D:7)
  2 hounds
  A jelly (D:8)
  2 orc priests (D:7)
  Jessica (D:3)
  An iguana (D:5)
  5 orc wizards
  Natasha (D:2)
  A worker ant (D:4)
  A killer bee zombie (D:7)
  A hound zombie (D:5)
  3 gnolls (D:5)
  8 adders
  A shadow imp (D:7)
  3 oozes
  2 worms (D:4)
  4 dart slugs
  6 leopard geckos
  14 orcs
  7 bats
  6 giant cockroaches
  5 hobgoblins
  4 jackals
  7 kobolds
  A ball python (D:3)
  A ball python skeleton (D:5)
  3 frilled lizards
  5 goblins
  7 rats
117 creatures vanquished.

Notes
Turn   | Place    | Note
-------+----------+-------------------------------------------
     0 | D:1      | dforspid the Hill Orc Monk began the quest for the Orb.
     0 | D:1      | Reached XP level 1. HP: 19/19 MP: 1/1
   133 | D:1      | Reached XP level 2. HP: 20/27 MP: 2/2
   594 | D:1      | Reached XP level 3. HP: 34/34 MP: 3/3
   972 | D:2      | Found a white marble altar of Elyvilon.
  1061 | D:2      | Reached skill level 5 in Axes
  1316 | D:2      | Reached XP level 4. HP: 38/41 MP: 4/4
  1330 | D:2      | Noticed Natasha
  1348 | D:2      | Killed Natasha
  1348 | D:2      | Reached skill level 1 in Armour
  1626 | D:3      | Became a worshipper of Beogh the Brigand
  1626 | D:3      | Reached * piety under Beogh
  1626 | D:3      | Reached ** piety under Beogh
  1669 | D:3      | Noticed Jessica
  1674 | D:3      | Killed Jessica
  1674 | D:3      | Reached XP level 5. HP: 47/47 MP: 5/5
  1752 | D:3      | Reached skill level 1 in Invocations
  1778 | D:3      | Reached skill level 5 in Fighting
  2105 | D:3      | Found an ancient bone altar of Kikubaaqudgha.
  2407 | D:4      | Reached skill level 6 in Axes
  2562 | D:4      | Found a glowing silver altar of Zin.
  2831 | D:4      | Found a staircase to the Ecumenical Temple.
  2833 | D:4      | Noticed an ogre
  2900 | D:3      | Reached XP level 6. HP: 38/56 MP: 7/7
  2955 | D:5      | Entered Level 5 of the Dungeon
  3863 | D:5      | Noticed Sigmund
  4201 | D:4      | Found a shimmering blue altar of Sif Muna.
  4245 | D:4      | Found an ornate altar of the Wu Jian Council.
  4263 | D:4      | Found a burning altar of Makhleb.
  4263 | D:4      | Found a shimmering altar of Xom.
  4276 | D:4      | Reached XP level 7. HP: 62/62 MP: 9/9
  4866 | D:5      | Killed Sigmund
  4866 | D:5      | Reached skill level 7 in Axes
  5407 | D:6      | Reached XP level 8. HP: 68/71 MP: 11/11
  5586 | D:6      | Found a radiant altar of Vehumet.
  5809 | D:7      | Reached skill level 5 in Invocations
  6334 | D:7      | Reached skill level 8 in Axes
  6783 | D:7      | Reached skill level 5 in Armour
  8294 | D:8      | Found a viscous altar of Jiyva.
  8303 | D:8      | Reached XP level 9. HP: 50/81 MP: 13/13
  8310 | D:8      | HP: 3/81 [acid (6)]
  8311 | D:8      | Splashed by a jelly's acid

Levels and vault maps discovered:
D:1:      scummos_arrival_checkerplants, layout_basic
D:2:      layout_basic, lemuel_crystal_altar, uniq_natasha
D:3:      layout_basic, lemuel_coloured_pillars_altar, uniq_jessica
D:4:      layout_loops_ring, grunt_temple_overflow_champion_of_chaos,
          lemuel_doored_altar, lemuel_blue_sif_altar, zin_statuary,
          minmay_temple_entry_junction_2, first_ration,
          minmay_fractal_squares_gapless_5
D:5:      layout_gridville, uniq_sigmund
D:6:      layout_gridville, fiery_altar_vehumet
D:7:      layout_gridville, grunt_ogre_cave
D:8:      layout_basic, lemuel_round_altar, dpeg_oklobed_lair, basic_altar,
          minmay_stone_trees_small, jiyva_altar_1

Skill      XL: |  1  2  3  4  5  6  7  8 |
---------------+-------------------------+-----
Fighting       | 4 5 6 7 |  7.8
Axes           | 5 6 7 8 |  8.7
Armour         | 1 2 3 4 5 |  5.6
Invocations    | 2 3 4 6 |  6.5
Dodging        | |  2.4
Stealth        | |  1.5

Action                   |  1- 3 |  4- 6 |  7- 9 || total
-------------------------+-------+-------+-------++-------
Melee: Hand axe          |   103 |   240 |   291 ||   634
Invok: Convert to Beogh  |       |     1 |       ||     1
       Smiting           |       |       |     4 ||     4
  Use: Scroll            |     8 |     2 |     3 ||    13
       Potion            |       |       |     3 ||     3
 Stab: Sleeping          |     4 |       |     1 ||     5
       Distracted        |       |       |     1 ||     1
  Eat: Chunk             |     1 |     8 |     4 ||    13
       Ration            |       |       |     3 ||     3
Armor: Robe              |     9 |       |       ||     9
       Ring mail         |    14 |    90 |    75 ||   179
Dodge: Dodged            |    70 |   122 |   107 ||   299
